 Dungeon Crawl Stone Soup version 0.24.0-35-gdb84b6a5db (webtiles) character file.

Game seed: 17317227405221175769, levelgen mode: deterministic

11589 Emblim88 the Covert (level 11, -8/42 HPs)
             Began as a Spriggan Enchanter on Nov 17, 2019.
             Was an Elder of Fedhas.
             Mangled by a sixfirhy (11 damage)
             ... summoned by a kobold demonologist
             ... on level 11 of the Dungeon.
             The game lasted 00:57:19 (15790 turns).

Emblim88 the Covert (Spriggan Enchanter)           Turns: 15790, Time: 00:57:20

Health: -8/42      AC:  4    Str:  4    XL:     11   Next: 51%
Magic:  15/17      EV: 29    Int: 18    God:    Fedhas [****..]
Gold:   865        SH:  0    Dex: 19    Spells: 3/16 levels left

rFire    . . .     SeeInvis +   J - +2 dagger (distort)
rCold    . . .     Gourm    .   (shield restricted)
rNeg     . . .     Faith    .   b - +1 robe
rPois    .         Spirit   .   (helmet restricted)
rElec    .         Reflect  .   G - +0 cloak
rCorr    .         Harm     .   (gloves unavailable)
MR       +....     Clarity  +   (boots unavailable)
Stlth    ++++++....             (no amulet)
HPRegen  0.14/turn              r - +2 ring of slaying
MPRegen  0.15/turn              w - +2 ring of evasion

@: very quick
A: very small, unfitting armour, antennae 1, see invisible, clarity, herbivore,
speed 3, frail 1, slow metabolism 2
a: Wall of Briars, Grow Ballistomycete, Overgrow, Renounce Religion


You were on level 11 of the Dungeon.
You worshipped Fedhas.
Fedhas was greatly pleased with you.
You were not hungry.

You visited 1 branch of the dungeon, and saw 12 of its levels.

You collected 865 gold pieces.

Inventory:

Hand Weapons
 J - a +2 dagger of distortion (weapon)
Missiles
 l - 6 atropa-tipped darts (quivered)
 D - 21 poisoned darts
 K - 7 curare-tipped darts
Armour
 b - a +1 robe (worn)
 G - a +0 cloak (worn)
Jewellery
 h - a +2 ring of dexterity
 q - an uncursed ring of protection from cold
 r - a +2 ring of slaying (left hand)
 t - an uncursed ring of wizardry
 w - a +2 ring of evasion (right hand)
 x - an uncursed ring of wizardry
Wands
 c - a wand of digging (7)
 s - a wand of polymorph (8)
 v - a wand of enslavement (8)
 I - a wand of acid (8)
Scrolls
 a - a scroll of noise {unknown}
 e - a scroll of blinking
 f - a scroll of amnesia
 g - a scroll of acquirement {unknown}
 j - 2 scrolls of random uselessness
 p - a scroll of remove curse
 A - a scroll of enchant armour
 E - a scroll of enchant weapon
Potions
 i - a potion of curing
 k - a potion of agility
 m - 4 potions of heal wounds
 n - 2 potions of mutation
 o - a potion of might {unknown}
 u - 2 potions of lignification
 z - a potion of berserk rage
 C - a potion of haste {unknown}
 F - a potion of flight
 H - a potion of invisibility {unknown}
Comestibles
 d - 4 rations


   Skills:
 - Level 10.0 Short Blades
 + Level 10.1 Dodging
 * Level 14.6 Stealth
 - Level 3.4 Spellcasting
 - Level 2.1 Conjurations
 - Level 5.6 Hexes
 - Level 2.5 Ice Magic
 - Level 2.6 Air Magic
 - Level 2.9 Poison Magic
 + Level 5.8 Invocations
 - Level 6.7 Evocations


You had 3 spell levels left.
You knew the following spells:

 Your Spells              Type           Power        Failure   Level  Hunger
a - Corona                Hex            ###....      1%          1    None
b - Ensorcelled Hibernat  Hex/Ice        ###...       4%          2    ##.....
c - Confuse               Hex            ###.....     4%          3    ###....
d - Mephitic Cloud        Conj/Pois/Air  ##......     16%         3    ###....
e - Poisonous Vapours     Pois/Air       ##....       8%          2    ##.....
f - Slow                  Hex            ###.....     2%          2    ##.....

Your spell library contained the following spells:

 Spells                   Type           Power        Failure   Level  Hunger
 Confusing Touch          Hex            ###...       1%          1    None
 Tukima's Dance           Hex            ###.....     4%          3    ###....
 Magic Dart               Conj           ##..         6%          1    None
 Dazzling Spray           Conj/Hex       ###...       10%         3    ###....
 Animate Skeleton         Necr           N/A          16%         1    None
 Apportation              Tloc           #.....       16%         1    None
 Summon Small Mammal      Summ           #...         16%         1    None
 Blink                    Tloc           N/A          24%         2    ##.....
 Call Imp                 Summ           #.......     24%         2    ##.....
 Conjure Flame            Conj/Fire      #.......     30%         3    ###....
 Freezing Cloud           Conj/Ice/Air   ##........   100%        6    #######
 Ring of Flames           Chrm/Fire      #.........   100%        7    #######


Dungeon Overview and Level Annotations

Branches:
Dungeon (12/15)            Temple (0/1) D:6            Lair (0/6) D:8
    Orc (0/2) D:11

Altars:
Ashenzari
Fedhas
Hepliaklqana
Qazlal
Uskayaw
Wu Jian
Yredelemnul
The Shining One

Shops:
D:7 [

Annotations:
D:10 3 runed translucent doors, Curus's ghost, novice MiAK


Innate Abilities, Weirdness & Mutations

You are very small and have problems with some larger weapons.
You are too small for most types of armour.
You have supernaturally acute eyesight. (SInv)
You are a herbivore.
You cover ground extremely quickly.
You need to consume almost no food.
You have a pair of small antennae on your head.
You possess an exceptional clarity of mind.
You are frail. (-10% HP)


Message History

The kobold demonologist casts a spell.
The crimson imp blinks!
You hit the kobold demonologist.
The kobold demonologist is lightly wounded.
The kobold demonologist blinks!
You hit the kobold demonologist.
Space bends around the kobold demonologist.
The kobold demonologist is moderately wounded.
The kobold demonologist hits you with a +0 dagger.
You closely miss the sixfirhy. You miss the sixfirhy. The sixfirhy hits you!
The sixfirhy shocks you! The sixfirhy hits you. The sixfirhy shocks you!
* * * LOW HITPOINT WARNING * * *
The kobold demonologist looks encouraged for a moment.
You closely miss the sixfirhy. The sixfirhy completely misses you.
The sixfirhy hits you.
* * * LOW HITPOINT WARNING * * *
The sixfirhy shocks you!
You die...
Fedhas appreciates your contribution to the ecosystem.

#......##
##...### #...#
##.## #.# #.##
#..# ##3# ## #@#
###. #K## ####
###... #KK#
#..#####.....
##K#
#..##.ยง....##
#K###.#.)....###
#K5##..)...###
#........###
##.....###
#....##


You could see a kobold demonologist, a sixfirhy, 2 big kobolds, a crimson imp
and 3 kobolds.

Vanquished Creatures
  A centaur warrior (D:10)
  A two-headed ogre (D:8)
  Sonja (D:10)
  An unseen horror (D:11)
  A deep elf mage (D:10)
  A troll (D:11)
  A hornet (D:11)
  5 slime creatures (D:9)
  A hippogriff (D:9)
  A spriggan (D:10)
  A shadow (D:11)
  A human (D:10)
  19 yaks
  4 hungry ghosts
  Menkaure (D:6)
  Edmund (D:6)
  A soldier ant (D:10)
  3 ice beasts
  A sky beast (D:8)
  2 black bears
  3 phantoms
  3 orc warriors
  A tengu (D:5)
  3 centaurs
  2 ogres
  A big kobold (D:9)
  4 bullfrogs
  A scorpion (D:10)
  A troll zombie (D:11)
  A wyvern skeleton (D:10)
  5 killer bees (D:11)
  2 crimson imps
  A howler monkey (D:6)
  A centaur zombie (D:6)
  A jelly (D:6)
  A bullfrog skeleton (D:10)
  2 orc priests
  5 orc wizards
  A centaur skeleton (D:6)
  A hound (D:11)
  3 iguanas
  3 worker ants
  2 ogre zombies (D:11)
  A gnoll (D:5)
  7 adders
  A shadow imp (D:8)
  3 oozes
  An adder skeleton (D:4)
  A worm (D:2)
  3 dart slugs (D:2)
  4 leopard geckos
  20 orcs
  A ball python (D:2)
  4 giant cockroaches
  8 goblins
  4 hobgoblins
  4 jackals
  10 kobolds
  8 quokkas
  4 bats (D:2)
  6 frilled lizards
  3 goblin zombies (D:11)
  A hobgoblin skeleton (D:11)
  4 hobgoblin zombies (D:11)
  A leopard gecko skeleton (D:6)
  2 orc skeletons (D:11)
  7 orc zombies (D:11)
  A quokka skeleton (D:4)
  A quokka zombie (D:6)
  4 rats
210 creatures vanquished.

Vanquished Creatures (collateral kills)
  A wraith (D:11)
  2 bullfrogs (D:11)
  An ogre zombie (D:11)
  An orc skeleton (D:11)
5 creatures vanquished.

Vanquished Creatures (others)
  A hippogriff (D:10)
  A slave (D:5)
  A jelly (D:5)
  An orc priest (D:11)
  An orc wizard (D:5)
  A hound skeleton (D:5)
  A worker ant zombie (D:5)
  An adder (D:5)
  2 gnolls (D:5)
  An adder skeleton (D:5)
  A leopard gecko (D:5)
  An orc (D:5)
13 creatures vanquished.

Grand Total: 228 creatures vanquished

Notes
Turn   | Place    | Note
-------+----------+-------------------------------------------
     0 | D:1      | Emblim88 the Spriggan Enchanter began the quest for the
                  | Orb.
     0 | D:1      | Reached XP level 1. HP: 9/9 MP: 5/5
   740 | D:1      | Reached XP level 2. HP: 13/13 MP: 6/6
   783 | D:1      | Learned a level 2 spell: Ensorcelled Hibernation
  1152 | D:2      | Reached skill level 5 in Stealth
  1201 | D:2      | Reached XP level 3. HP: 16/16 MP: 0/8
  1206 | D:2      | Learned a level 3 spell: Confuse
  2112 | D:3      | Reached XP level 4. HP: 21/21 MP: 5/10
  2198 | D:3      | Found a shattered altar of Ashenzari.
  3126 | D:4      | Reached skill level 6 in Stealth
  3126 | D:4      | Reached XP level 5. HP: 24/24 MP: 8/11
  3229 | D:4      | Reached skill level 1 in Ice Magic
  3436 | D:4      | Reached skill level 1 in Evocations
  3640 | D:5      | Entered Level 5 of the Dungeon
  3640 | D:5      | Noticed Pikel
  3640 | D:5      | Noticed a slave
  3640 | D:5      | Noticed a slave
  3640 | D:5      | Noticed a slave
  3640 | D:5      | Noticed a slave
  3641 | D:5      | Noticed Pikel
  3641 | D:5      | Pikel changed into Pikel the tengu
  3663 | D:5      | Killed Pikel the tengu
  3663 | D:5      | Reached XP level 6. HP: 11/28 MP: 9/12
  3859 | D:5      | Found a glowing golden altar of the Shining One.
  3877 | D:5      | Killed a freed slave
  4133 | D:5      | Found a blossoming altar of Fedhas.
  4138 | D:5      | Became a worshipper of Fedhas Madash
  4819 | D:5      | Reached skill level 7 in Stealth
  5190 | D:6      | Found a staircase to the Ecumenical Temple.
  5252 | D:6      | Reached XP level 7. HP: 29/32 MP: 3/13
  5639 | D:6      | Reached skill level 5 in Dodging
  5764 | D:6      | Noticed Menkaure
  5766 | D:6      | Killed Menkaure
  5766 | D:6      | Reached skill level 5 in Hexes
  5851 | D:6      | Noticed Edmund
  5872 | D:6      | Reached skill level 8 in Stealth
  5897 | D:6      | Killed Edmund
  5928 | D:6      | Reached XP level 8. HP: 32/36 MP: 6/14
  6335 | D:6      | Reached skill level 5 in Short Blades
  6335 | D:6      | Reached skill level 5 in Evocations
  6415 | D:6      | Found an ornate altar of the Wu Jian Council.
  6615 | D:7      | Found Penicw's Armour Emporium.
  7011 | D:7      | Found a basalt altar of Yredelemnul.
  7055 | D:7      | Gained mutation: You are frail. (-10% HP) [potion of
                  | mutation]
  7055 | D:7      | Gained mutation: You have a pair of small antennae on your
                  | head. [potion of mutation]
  7055 | D:7      | Gained mutation: You evolve. [potion of mutation]
  7113 | D:8      | Reached * piety under Fedhas
  7113 | D:8      | Reached skill level 9 in Stealth
  7441 | D:8      | Learned a level 3 spell: Mephitic Cloud
  7444 | D:8      | Learned a level 2 spell: Poisonous Vapours
  7465 | D:8      | Noticed a two-headed ogre
  7471 | D:8      | Killed a two-headed ogre
  7471 | D:8      | Reached skill level 10 in Stealth
  7471 | D:8      | Reached skill level 1 in Air Magic
  7471 | D:8      | Reached skill level 1 in Poison Magic
  7471 | D:8      | Reached XP level 9. HP: 35/35 MP: 12/15
  7553 | D:8      | Reached skill level 1 in Conjurations
  7700 | D:8      | Found a staircase to the Lair.
  7805 | D:8      | Found a hazy altar of Hepliaklqana.
  8269 | D:9      | Found a stormy altar of Qazlal.
  8269 | D:9      | Found a hide-covered altar of Uskayaw.
  8744 | D:9      | Reached skill level 1 in Invocations
  9070 | D:9      | Killed a large slime creature
  9070 | D:9      | Reached skill level 11 in Stealth
  9343 | D:9      | Reached ** piety under Fedhas
  9446 | D:9      | Reached XP level 10. HP: 34/39 MP: 2/16
 10853 | D:10     | Entered Level 10 of the Dungeon
 10866 | D:10     | Noticed a centaur warrior
 11143 | D:9      | Gained mutation: You possess an exceptional clarity of
                  | mind. [evolution]
 11143 | D:9      | Lost mutation: You evolve. [end of evolution]
 11737 | D:9      | Reached skill level 12 in Stealth
 12075 | D:10     | Found a runed translucent gate.
 12083 | D:10     | Found a runed translucent gate.
 12090 | D:10     | Found a runed translucent gate.
 12090 | D:10     | Noticed an unseen horror
 12092 | D:10     | Noticed a sea snake
 12097 | D:10     | Noticed a mana viper
 12097 | D:10     | a sea snake changed into a mana viper
 12121 | D:10     | Noticed a moth of wrath
 12121 | D:10     | Noticed a deep troll
 12121 | D:10     | a moth of wrath changed into a deep troll
 12124 | D:10     | a deep troll changed into a swamp worm
 12129 | D:10     | Noticed Curus's ghost (novice MiAK)
 12131 | D:10     | Noticed an anaconda
 12131 | D:10     | a swamp worm changed into an anaconda
 12134 | D:10     | Noticed a shining eye
 12134 | D:10     | an anaconda changed into a shining eye
 12142 | D:10     | Noticed a wolf spider
 12144 | D:10     | a wolf spider changed into a snapping turtle
 12146 | D:10     | Noticed a cyclops
 12146 | D:10     | a snapping turtle changed into a cyclops
 12149 | D:10     | a cyclops changed into a floating eye
 12181 | D:10     | Noticed a deep elf mage
 12746 | D:10     | Killed a deep elf mage
 12810 | D:10     | Noticed Sonja
 12845 | D:10     | Killed Sonja
 12845 | D:10     | Reached skill level 13 in Stealth
 12970 | D:10     | Killed a centaur warrior
 12970 | D:10     | Reached XP level 11. HP: 40/42 MP: 12/17
 12982 | D:10     | Reached skill level 5 in Invocations
 13124 | D:10     | Noticed a catoblepas
 13168 | D:10     | Noticed an eight-headed hydra
 13179 | D:10     | Noticed a death yak
 13179 | D:10     | an eight-headed hydra changed into a death yak
 13182 | D:10     | Noticed a minotaur
 13182 | D:10     | a death yak changed into a minotaur
 13184 | D:10     | Noticed a death yak
 13184 | D:10     | a minotaur changed into a death yak
 13185 | D:10     | Noticed an ettin
 13185 | D:10     | a death yak changed into an ettin
 13723 | D:11     | Reached *** piety under Fedhas
 13854 | D:11     | Noticed an unseen horror
 13985 | D:11     | Learned a level 2 spell: Slow
 14339 | D:11     | Reached skill level 14 in Stealth
 14345 | D:11     | Found a staircase to the Orcish Mines.
 14737 | D:11     | Reached skill level 10 in Short Blades
 14739 | D:11     | You fall into a shaft and drop 1 floor!
 14798 | D:11     | Noticed a deep elf mage
 14995 | D:11     | Killed an unseen horror
 14995 | D:11     | Reached skill level 10 in Dodging
 15427 | D:11     | Reached **** piety under Fedhas
 15786 | D:11     | Noticed a sixfirhy
 15790 | D:11     | Mangled by a sixfirhy

Levels and vault maps discovered:
D:1:      dpeg_arrival_simpleton_b, layout_basic
D:2:      minmay_chambers_of_twos, layout_basic, first_ration
D:3:      layout_rooms, ashenzari_altar_1
D:4:      layout_cave_pools, minmay_starry_boxes
D:5:      layout_cave_pods, kennysheep_little_box,
          nicolae_overflow_crystal_walls, chequers_serial_rivers_micro_e,
          roderic_lattice_a, uniq_pikel
D:6:      layout_loops_cross, nicolae_overflow_hidden_temple,
          minmay_temple_entry_slanted, dk_rats_in_the_wall, uniq_menkaure,
          uniq_edmund
D:7:      layout_basic, lemuel_doored_altar, serial_shops, shop
D:8:      layout_basic, marbit_many_paths, lair_entry_dummy
D:9:      layout_basic, minitemple
D:10:     layout_cave_pods, gammafunk_ghost_split, hangedman_stone_soup,
          chequers_serial_rivers_micro_a, uniq_sonja
D:11:     layout_cave_pods, zombieorc1_lemuel
D:12:     layout_loops_ring, serial_shops, shop

Skill      XL: |  1  2  3  4  5  6  7  8  9 10 11 |
---------------+----------------------------------+-----
Spellcasting   | 3 |  3.4
Stealth        | 5 6 7 8 10 11 13 14 | 14.6
Hexes          | 4 5 |  5.6
Short Blades   | 2 3 4 6 7 9 10 | 10.0
Dodging        | 4 5 6 7 9 10 | 10.1
Ice Magic      | 1 2 |  2.5
Evocations     | 2 3 4 6 |  6.7
Air Magic      | 1 2 |  2.6
Poison Magic   | 1 2 |  2.9
Conjurations   | 2 |  2.1
Invocations    | 3 4 5 |  5.8

Action                   |  1- 3 |  4- 6 |  7- 9 | 10-12 || total
-------------------------+-------+-------+-------+-------++-------
Melee: Dagger            |    75 |   176 |   145 |   246 ||   642
Throw: Dart              |       |     1 |     2 |     1 ||     4
 Cast: Ensorcelled Hiber |    26 |    51 |    32 |    84 ||   193
       Confuse           |       |     5 |    32 |    19 ||    56
       Mephitic Cloud    |       |       |     2 |     2 ||     4
       Poisonous Vapours |       |       |     2 |       ||     2
Invok: Wall of Briars    |       |       |       |     2 ||     2
Evoke: Wand              |       |     1 |    15 |     3 ||    19
  Use: Scroll            |       |     3 |     3 |     6 ||    12
       Potion            |       |     1 |     6 |     5 ||    12
 Stab: Sleeping          |    27 |    29 |    30 |    41 ||   127
       Confused          |       |     4 |    13 |    10 ||    27
       Distracted        |       |       |       |     8 ||     8
  Eat: Ration            |       |     3 |     7 |     7 ||    17
Armor: Robe              |     3 |     7 |     5 |     5 ||    20
Dodge: Dodged            |    47 |   129 |    71 |   144 ||   391
